 Dungeon Crawl Stone Soup version 0.26-a0-466-g989023bd0d (webtiles) character file.

Game seed: 6600448244865349375

100 Misa the Skirmisher (level 4, -13/29 HPs)
             Began as a Gargoyle Fighter on July 29, 2020.
             Mangled by an ogre
             ... wielding a +0 giant spiked club
              (25 damage)
             ... on level 4 of the Dungeon.
             The game lasted 00:02:55 (1474 turns).

Misa the Skirmisher (Gargoyle Fighter)              Turns: 1474, Time: 00:02:56

Health: -13/29     AC: 11    Str: 20    XL:     4   Next: 74%
Magic:  4/4        EV:  7    Int:  9    God:
Gold:   61         SH:  9    Dex:  9    Spells: 3/3 levels left

rFire    . . .     SeeInvis .   j - +0 dagger (drain)
rCold    . . .     Faith    .   c - +0 kite shield
rNeg     + + .     Spirit   .   b - +0 scale mail
rPois    ∞         Reflect  .   (no helmet)
rElec    +         Harm     .   q - +0 cloak
rCorr    .                      (no gloves)
MR       .....                  (no boots)
Stlth    ..........             (no amulet)
HPRegen  0.09/turn              r - ring of positive energy
MPRegen  0.09/turn              (no ring)

@: mighty
A: negative energy resistance 1, electricity resistance, unbreathing,
petrification resistance, rot immunity, AC +3
a: no special abilities


You were on level 4 of the Dungeon.
You visited 1 branch of the dungeon, and saw 4 of its levels.

You collected 61 gold pieces.

Inventory:

Hand Weapons
 a - a +0 flail
 j - a +0 dagger of draining (weapon)
Missiles
 i - 12 boomerangs (quivered)
 k - 3 javelins
Armour
 b - a +0 scale mail (worn)
 c - a +0 kite shield (worn)
 q - a +0 cloak (worn)
Jewellery
 r - a ring of positive energy (left hand)
Scrolls
 e - a scroll of amnesia {unknown}
 f - 3 scrolls of random uselessness {unknown}
 g - a scroll of enchant weapon {unknown}
 h - 2 scrolls of identify {unknown}
 l - 4 scrolls of enchant armour {unknown}
 m - 3 scrolls of remove curse {unknown}
 n - a scroll of noise {unknown}
 p - a scroll of teleportation {unknown}
 s - a scroll of fog {unknown}
Potions
 d - a potion of might
 o - a potion of cancellation {unknown}


   Skills:
 + Level 4.1 Fighting
 + Level 2.9 Maces & Flails
 + Level 4.0 Armour
 + Level 4.1 Shields


You had 3 spell levels left.
You didn't know any spells.
Your spell library was empty.

Dungeon Overview and Level Annotations

Branches:
Dungeon (4/15)
 Temple: D:4-7

Altars:

Annotations:
D:3 Sigmund


Innate Abilities, Weirdness & Mutations

You are resistant to torment.
Your stone body is resilient. (AC +3)
You are immune to poison.
You resist negative energy. (rN+)
You are resistant to electric shocks. (rElec)
You can survive without breathing.
You are immune to petrification.
You are immune to rotting.


Message History

The gnoll completely misses you.
You closely miss the gnoll.
The gnoll is severely wounded.
The gnoll hits you but does no damage.
You hit the gnoll.
The gnoll is almost dead.
The gnoll hits you but does no damage.
You closely miss the gnoll.
The gnoll is almost dead.
You block the gnoll's attack.
You puncture the gnoll!
You kill the gnoll!
You closely miss the kobold. The kobold barely misses you.
You puncture the kobold!
You kill the kobold!
You hit the ogre.
The ogre is lightly wounded.
The ogre hits you with a +0 giant spiked club!!
Ouch! That really hurt!
You die... # ###.# #@O.# #####

You could see an ogre.

Vanquished Creatures
  A hound (D:4)
  2 gnolls
  2 worms
  A leopard gecko (D:2)
  2 giant cockroaches
  5 goblins
  4 hobgoblins
  8 jackals
  3 bats
  3 frilled lizards
  5 kobolds
  8 rats
44 creatures vanquished.

Notes
Turn   | Place    | Note
-------+----------+-------------------------------------------
     0 | D:1      | Misa the Gargoyle Fighter began the quest for the Orb.
     0 | D:1      | Reached XP level 1. HP: 14/14 MP: 1/1
   347 | D:1      | Reached XP level 2. HP: 17/19 MP: 2/2
   776 | D:2      | Reached XP level 3. HP: 23/23 MP: 3/3
  1177 | D:2      | You fall into a shaft and drop 2 floors!
  1224 | D:4      | Reached XP level 4. HP: 20/29 MP: 4/4
  1417 | D:3      | Noticed Sigmund
  1460 | D:4      | Noticed an ogre
  1474 | D:4      | Mangled by an ogre

Illustrated notes

Levels and vault maps discovered:
D:1:      scummos_arrival_forest, layout_loops_ring, serial_bayou_pond_d,
          minmay_fountain_box, minmay_misc_feat_room
D:2:      layout_basic, minmay_tromino_i4
D:3:      lemuel_castle_with_subvaults [lemuel_castle_interior_carwin_1],
          layout_loops_ring, lemuel_doored_altar, uniq_robin, uniq_sigmund,
          uniq_terence
D:4:      layout_basic, old_standard_altar, minmay_temple_entry_overgrown,
          kennysheep_opposing_triangles, uniq_pikel, uniq_blork_the_orc,
          uniq_menkaure, uniq_eustachio

Skill      XL: |  1  2  3  4 |
---------------+-------------+-----
Shields        | 4 |  4.1
Fighting       | 4 |  4.1
Armour         | 4 |  4.0
Maces & Flails | |  2.9

Action                   |  1- 3 |  4- 6 || total
-------------------------+-------+-------++-------
Melee: Flail             |    60 |       ||    60
       Dagger            |   108 |    38 ||   146
  Use: Potion            |       |     1 ||     1
Armor: Scale mail        |    85 |    18 ||   103
Dodge: Dodged            |    48 |    14 ||    62
Block: Kite shield       |    93 |    19 ||   112

Table legend: (Time is in decaauts)
 A = Elapsed time spent in this place.
 B = Non-inter-level travel time spent in this place.
 C = Inter-level travel time spent in this place.
 D = Time resting spent in this place.
 E = Time spent auto-exploring this place.
 F = Levels seen in this place.
 G = Mean time per level.
                   A        B        C        D        E       F      G
               +--------+--------+--------+--------+--------+-----+--------+
         Total |   1508 |   1468 |     40 |    131 |    822 |   4 |  377.0 |
       Dungeon |   1508 |   1468 |     40 |    131 |    822 |   4 |  377.0 |
               +--------+--------+--------+--------+--------+-----+--------+

Top non-repeatable levels by time:
     D:1: 670 daAuts
     D:2: 534 daAuts
     D:3: 217 daAuts
     D:4: 86 daAuts
